 Dungeon Crawl Stone Soup version 0.31.0-11-ge490571c62 (webtiles) character file.

Game seed: 1474194499107063644

172 PaiMei the Grave Robber (level 5, -1/35 HPs)
             Began as a Demonspawn Necromancer on Jan 31, 2024.
             Killed from afar by an orc wizard (4 damage)
             ... with a magic dart
             ... on level 3 of the Dungeon.
             The game lasted 00:04:26 (3517 turns).

PaiMei the Grave Robber (Demonspawn Necromancer)    Turns: 3517, Time: 00:04:26

Health: -1/35      AC:  5    Str:  9    XL:     5   Next: 27%
Magic:  3/9        EV: 12    Int: 17    God:
Gold:   150        SH:  0    Dex: 13    Spells: 6/10 levels left

rFire   . . .        g - +1 dagger (flame)
rCold   . . .        (no shield)
rNeg    . . .        a - +0 robe
rPois   .            (no helmet)
rElec   .            (no cloak)
rCorr   .            h - +0 pair of gloves
SInv    .            (no boots)
Will    .....        (no amulet)
Stlth   ++           (no ring)
HPRegen 0.25/turn    (no ring)
MPRegen 0.11/turn

%: no passive effects
@: lethally poisoned (-1 -> -6), very slightly contaminated
A: slimy green scales 1, demonic magic 1
a: no special abilities


You were on level 3 of the Dungeon.
You visited 1 branch of the dungeon, and saw 3 of its levels.

You collected 150 gold pieces.

Inventory:

Hand Weapons
 d - a +0 dagger
 g - a +1 dagger of flaming (weapon)
Armour
 a - a +0 robe (worn)
 h - a +0 pair of gloves (worn)
Jewellery
 c - a ring of see invisible
 j - a ring of poison resistance
 k - a ring of resist corrosion
Scrolls
 e - 2 scrolls of poison {unknown}
 f - a scroll of enchant armour {unknown}
 i - 4 scrolls of immolation {unknown}
 l - 2 scrolls of identify {unknown}
 o - a scroll of revelation {unknown}
Potions
 b - a potion of magic
 m - a potion of haste {unknown}
 n - a potion of heal wounds {unknown}
 p - a potion of lignification {unknown}
 q - a potion of brilliance {unknown}


   Skills:
 + Level 2.9 Dodging
 + Level 3.1 Stealth
 + Level 3.0 Spellcasting
 + Level 5.2 Necromancy


You had 6 spell levels left.
You knew the following spells:

 Your Spells              Type           Power      Damage    Failure   Level
a - Necrotise             Necr           80%        1d8       1%          1
b - Vampiric Draining     Necr           20%        2d7       6%          3

Your spell library contained the following spells:

 Spells                   Type           Power      Damage    Failure   Level
 Kiss of Death            Conj/Necr      44%        2d8       6%          1
 Animate Dead             Necr           20%        N/A       21%         4
 Dispel Undead            Necr           20%        3d11      21%         4
 Confusing Touch          Hex            2%         N/A       45%         3
 Curse of Agony           Necr           20%        N/A       50%         5
 Ignite Poison            Fire/Alch      2%         N/A       86%         4
 Sticky Flame             Fire/Alch      2%         2d4       86%         4
 Ignition                 Fire           1%         3d3       100%        8


Dungeon Overview and Level Annotations

Branches:
Dungeon (3/15)

Altars:

Shops:
D:1 !

Annotations:
D:2 1 runed translucent door, Crazy Yiuf
D:3 Ijyb


Innate Abilities, Weirdness & Mutations

You are partially covered in slimy green scales. (AC +2)
Spells you cast may paralyse adjacent enemies.


Message History

The orc wizard writhes in agony.
Malevolent energies surge around you.
You feel sick. The orc wizard misses you.
You closely miss the orc wizard.
The orc wizard is heavily wounded.
You feel sick. The orc wizard barely misses you.
Casting: Necrotise (safe; 1% risk of failure)
Confirm with . or Enter, or press ? or * to list all spells.
Aiming: Necrotise (safe; 1% risk of failure)
Press: ? - help, Shift-Dir - straight line, f/p - orc wizard
Aim: an orc wizard, wielding a +0 dagger of venom and wearing a +0 robe (heavily wounded, chance to affect: 78%)
You miscast Necrotise.
You are very lightly contaminated with residual magic.
Nothing appears to happen.
You feel sick. The orc wizard closely misses you.
You hit the orc wizard but do no damage.
The orc wizard is heavily wounded.
You feel sick. Something hits you. The orc wizard casts a spell at you.
The puff of flame misses you. The puff of flame hits you.
* * * LOW HITPOINT WARNING * * *
You barely miss the orc wizard.
The orc wizard is heavily wounded.
You feel sick. Something hits you.
* * * LOW HITPOINT WARNING * * *
The orc wizard hits you but does no damage.
You are lethally poisoned!
Casting: Necrotise (safe; 1% risk of failure)
Confirm with . or Enter, or press ? or * to list all spells.
Aiming: Necrotise (safe; 1% risk of failure)
Press: ? - help, Shift-Dir - straight line, f/p - orc wizard
Aim: an orc wizard, wielding a +0 dagger of venom and wearing a +0 robe (heavily wounded, chance to affect: 78%)
The orc wizard writhes in agony.
Malevolent energies surge around you.
The orc wizard suddenly stops moving!
* * * LOW HITPOINT WARNING * * *
You feel sick.
You hit something. You burn something.
* * * LOW HITPOINT WARNING * * *
You feel sick.
The orc wizard is no longer paralysed.
The orc wizard gestures at you while chanting.
The magic dart hits you.
You die...

....#######..##.# #####
#..##.# #.....# ##.####
#### #.# ..# #.# ..#
#<# ######### #.#
#.#####........ .# #.#
#).oo@{.#####
....###.###..####.....#
#..........# #.....#
#####.##...# #.##..#
..######.#..Z.# ... ..#
.ooo.o.o.##.$....._.
...
#.##########.#..#...#
#.## #.#..##.## .#
#.#..... .


You could see an orc wizard and an orc.

Vanquished Creatures
  A bombardier beetle (D:3)
  3 gnolls (D:2)
  2 adders (D:2)
  5 dart slugs
  A ribbon worm (D:2)
  2 orcs (D:3)
  5 ball pythons
  6 bats
  6 endoplasms
  3 giant cockroaches
  8 goblins
  7 hobgoblins
  3 jackals (D:1)
  3 quokkas
  3 frilled lizards (D:1)
  5 kobolds
  6 rats
69 creatures vanquished.

Vanquished Creatures (collateral kills)
  2 endoplasms
  A kobold (D:1)
  A rat (D:1)
4 creatures vanquished.

Grand Total: 73 creatures vanquished

Notes
Turn   | Place    | Note
-------+----------+-------------------------------------------
     0 | D:1      | PaiMei the Demonspawn Necromancer began the quest for the
                  | Orb.
     0 | D:1      | Reached XP level 1. HP: 13/13 MP: 3/3
   171 | D:1      | Gained mutation: You are partially covered in slimy green
                  | scales. (AC +2) [demonic ancestry]
   171 | D:1      | Reached XP level 2. HP: 18/19 MP: 1/5
   412 | D:1      | Found Xako's Distillery.
   522 | D:1      | Gained mutation: Spells you cast may paralyse adjacent
                  | enemies. [demonic ancestry]
   522 | D:1      | Reached XP level 3. HP: 24/24 MP: 4/6
  1131 | D:1      | Learned a level 3 spell: Vampiric Draining
  1269 | D:2      | Found a faded altar of an unknown god.
  1522 | D:2      | Reached XP level 4. HP: 30/30 MP: 1/7
  1843 | D:2      | Reached skill level 5 in Necromancy
  2403 | D:2      | Found a runed translucent door.
  2404 | D:2      | Noticed Crazy Yiuf
  2581 | D:3      | Noticed Ijyb
  2966 | D:3      | Reached XP level 5. HP: 35/35 MP: 0/9
  3517 | D:3      | Killed from afar by an orc wizard

Illustrated notes

Levels and vault maps discovered:
D:1:      eino_arrival_cavern_b, layout_basic, serial_shops,
          nicolae_shop_pleasant_corner_grove, st_stairs_10
D:2:      layout_rooms, nicolae_ecumenical_oubliette, grunt_ministairs_15,
          minivault_19, hex_large, uniq_crazy_yiuf_cottage
D:3:      kennysheep_the_goblin_king, layout_loops_corners,
          nicolae_overflow_crystal_walls

Skill      XL: |  1  2  3  4 |
---------------+-------------+-----
Dodging        | 2 |  2.9
Stealth        | 2 3 |  3.1
Necromancy     | 5 |  5.2
Spellcasting   | 3 |  3.0

Action                     |  1- 3 |  4- 6 || total
---------------------------+-------+-------++-------
  Melee: Dagger            |    30 |     7 ||    37
   Cast: Necrotise         |    69 |    72 ||   141
   Stab: Paralysed         |     1 |     1 ||     2
 Armour: Robe              |    26 |    11 ||    37
  Dodge: Dodged            |    35 |    11 ||    46
